AoeStats
← Rodrigo Lao Tse

Arabia

510341244Analyzed
1v1 RM · 2d ago on Sep 30, 2026· 36m 18s· 2 players
Game mode
Random Map
Map size
Tiny (2 player)
Population
200
Speed
Normal
Resources
Standard
Victory
Conquest
Starting age
Dark Age
Ending age
Imperial Age
RankedLock teamsTeams togetherTeam positionsShared explorationLock speedFull tech treeHidden civsTurbo modeCheats
Victory
Defeat
🇨🇳 Romans · China
840
+15
🇨🇱 Maya · Chile
816
-15
Rodrigo Lao Tse
0:26 Loom
9:49 Feudal Age
10:20 Double-Bit Axe
15:36 Wheelbarrow
15:29 Horse Collar
16:31 Scale Mail Armor
18:43 Forging
19:11 Town Watch
24:04 Castle Age
22:49 Gold Mining
24:25 Eagle Warrior
25:07 Squires
26:08 Chain Mail Armor
26:31 Iron Casting
26:14 Bow Saw
34:50 Hand Cart
35:51 Fletching
变强先斩欲
0:35 Loom
9:54 Feudal Age
10:27 Double-Bit Axe
20:12 Castle Age
18:45 Man-at-Arms
20:54 Long Swordsman
26:42 Scale Mail Armor
27:19 Forging
27:30 Squires
32:56 Imperial Age
31:04 Wheelbarrow
31:11 Horse Collar
31:23 Gold Mining
32:40 Chain Mail Armor
34:01 Conscription
33:31 Legionary
35:25 Iron Casting
Connection lost

Rejoining the realm…

Still unreachable

The connection could not be restored.

Session expired

The server has moved on; the page needs a fresh start.